 Dungeon Crawl Stone Soup version 0.31-a0-237-g2d982f9f85 (webtiles) character file.

Game seed: 17452431267590899207

9755 Shard1697 the Severer (level 12, -6/112 HPs)
             Began as a Meteoran Berserker on July 11, 2023.
             Was an Elder of Trog.
             Shot with an arrow by a centaur warrior (29 damage)
             ... on level 12 of the Dungeon.
             The game lasted 00:24:27 (5767 turns).

Shard1697 the Severer (Meteoran Berserker)          Turns: 5767, Time: 00:24:28

Health: -6/112     AC: 18    Str: 30    XL:     12   Next: 9%
Magic:  13/13      EV:  8    Int:  9    God:    Trog [****..]
Gold:   300        SH:  5    Dex: 14    Spells: 11/11 levels left

rFire   . . .        a - +3 executioner's axe (vamp)
rCold   . . .        (shield currently unavailable)
rNeg    . . .        l - +0 plate armour
rPois   .            (no helmet)
rElec   .            u - +2 cloak {rCorr}
rCorr   +            g - +1 pair of gloves
SInv    .            n - +0 pair of boots
Will    +....        m - amulet of reflection Stlth
                     B - +6 ring of strength
HPRegen 0.38/turn    (no ring)
MPRegen 0.13/turn

%: reflection
@: about to teleport, spiked, glowing
A: sense surroundings 2, otherworldly, glowing, explore regen, evolution 1
a: Renounce Religion, Berserk, Trog's Hand, Brothers in Arms


You were on level 12 of the Dungeon.
You worshipped Trog.
Trog was greatly pleased with you.
You visited 1 branch of the dungeon, and saw 12 of its levels.
You also visited: Bailey.

You collected 575 gold pieces.
You spent 275 gold pieces at shops.

Inventory:

Hand Weapons
 a - a +3 vampiric executioner's axe (weapon)
 b - a +5 heavy flail
 y - a +1 dire flail of freezing
Armour
 g - a +1 pair of gloves (worn)
 l - a +0 plate armour (worn)
 n - a +0 pair of boots (worn)
 s - a +2 robe of resistance
 u - a +2 cloak of preservation (worn)
Jewellery
 m - an amulet of reflection (around neck)
 x - a ring of fire
 z - an amulet of regeneration
 A - a ring of ice
 B - a +6 ring of strength (left hand)
 H - a ring of protection from fire
Wands
 c - a wand of paralysis (2)
 j - a wand of mindburst (12)
 t - a wand of flame (55)
 D - a wand of digging (5)
 E - a wand of iceblast (9)
 F - a wand of light (1)
Scrolls
 o - 2 scrolls of fear
 v - a scroll of teleportation
 w - 2 scrolls of poison
 G - a scroll of immolation
Potions
 d - 3 potions of might
 e - 5 potions of curing
 f - 4 potions of lignification
 h - 3 potions of haste
 i - a potion of enlightenment
 k - 4 potions of mutation
 p - a potion of attraction
 q - a potion of heal wounds
 r - 4 potions of magic
 C - a potion of cancellation


   Skills:
 - Level 11.8 Fighting
 * Level 15.3 Axes
 + Level 4.4 Armour
 - Level 2.4 Dodging
 + Level 7.2 Evocations


You had 11 spell levels left.
You didn't know any spells.
Your spell library was empty.

Dungeon Overview and Level Annotations

Branches:
Dungeon (12/15) Zot: 1645  Temple (0/1) D:7            Lair (0/5) D:10
    Orc (0/2) D:10         Bailey (visited)

Altars:
Ashenzari
Cheibriados
Elyvilon
Fedhas
Gozag
Hepliaklqana
Kikubaaqudgha
Nemelex Xobeh
Ru
Sif Muna
Yredelemnul

Shops:
D:1 ?   D:12 *

Annotations:
D:7 1 runed translucent door


Innate Abilities, Weirdness & Mutations

You passively map the area around you.
You are easily found by Zot.
You glow in the dark.
You regain HP and MP as you explore.
You have hidden genetic potential.


Message History

The arrow barely misses you.
A death knight comes into view. It is wielding a +0 glaive.
The deep elf zephyrmancer gestures at you while chanting.
The bolt of lightning hits you!!
The death knight shouts!
You hear a howl! x2; You hear a screech!
You hear a shout! x2; You hear a bellow!
You hear a shout! x2; You hear a roar!
As you read the scroll of teleportation, it crumbles to dust.
You feel strangely unstable.
The centaur warrior shoots an arrow.
The arrow hits you.
The death knight offers itself to Yredelemnul, and fills with unholy energy.
The manticore flicks its tail.
The volley of spikes hits you!
The barbed spikes become lodged in your body.
The deep elf zephyrmancer gestures at you while chanting.
The bolt of lightning hits you!!
The centaur warrior shoots an arrow.
You block the arrow with an invisible shield... and reflect it back!
The arrow hits the centaur warrior!
A howler monkey comes into view.
The howler monkey howls!
You feel much better.
The centaur warrior shoots an arrow.
The arrow hits you!
An orc wizard comes into view. It is wielding a +0 dagger.
The manticore flicks its tail.
The volley of spikes hits you but does no damage.
The deep elf zephyrmancer points at you and mumbles some strange words.
The bolt of lightning hits you!!
* * * LOW HITPOINT WARNING * * *
You hear a shout!
Okay, then.
You feel much better.
The centaur warrior shoots an arrow.
You block the arrow with an invisible shield... and reflect it back!
The arrow hits the centaur warrior!!
The manticore flicks its tail.
The volley of spikes hits you!
The barbed spikes become lodged in your body.
* * * LOW HITPOINT WARNING * * *
The deep elf zephyrmancer gestures wildly while chanting.
The deep elf zephyrmancer blinks!
A manticore comes into view.
The centaur warrior shoots an arrow.
The arrow hits you!!
You die...

,, #########.# #.....# ,
, ..........# #.....# * ,
* #........#####.....#
#.h................# , ,.
#......)..#'####...... ,,
,Hp#.........#....#......
c...........#....#.....#
, ,
#.........#....#..>..# ,
, ,
,#....@....#....#.....# ,
#.........######.....# *,
#............ ......# ,
,....H........... , * ,,
................ , , ***
.............o..,, * *
*###......####... ,,
#......# *##, , , * , ,*
, ,


You could see a death knight (reflects damage), a centaur warrior, 2 manticores,
a howler monkey and an orc wizard.

Vanquished Creatures
  A hydra (D:11)
  A boulder beetle (D:11)
  A two-headed ogre (D:9)
  A cyclops (D:11)
  Maurice (D:8)
  An unseen horror (D:11)
  A komodo dragon (D:10)
  A kobold demonologist (D:10)
  2 trolls
  A hornet (D:8)
  2 shadows
  13 yaks
  A vampire (D:11)
  Edmund (D:6)
  3 water moccasins
  3 black bears (D:6)
  4 orc warriors
  2 ogres
  A sky beast (D:8)
  2 centaurs
  A phantom (D:7)
  Blork the orc (D:6)
  A bullfrog (D:9)
  2 gnoll sergeants
  2 scorpions
  14 wights
  3 howler monkeys
  A sleepcap (D:6)
  2 hounds (D:5)
  A jelly (D:5)
  6 orc priests
  3 iguanas
  6 orc wizards
  13 gnolls
  4 adders
  A white imp (D:6)
  3 ufetubi
  3 worms
  39 orcs
  3 bats
  2 endoplasms
  3 giant cockroaches
  5 goblins
  2 hobgoblins
  3 kobolds
  6 quokkas
  6 ball pythons
  2 frilled lizards
  A rat (D:1)
182 creatures vanquished.

Vanquished Creatures (others)
  A human (D:3)
1 creature vanquished.

Grand Total: 183 creatures vanquished

Notes
Turn   | Place    | Note
-------+----------+-------------------------------------------
     0 | D:1      | Shard1697 the Meteoran Berserker began the quest for the
                  | Orb.
     0 | D:1      | Reached XP level 1. HP: 19/19 MP: 2/2
   113 | D:1      | Reached skill level 4 in Axes
   113 | D:1      | Reached XP level 2. HP: 26/26 MP: 3/3
   132 | D:1      | Found Uxzuzepn's Magic Scroll Emporium.
   562 | D:2      | Reached XP level 3. HP: 31/31 MP: 4/4
   590 | D:1      | Reached skill level 5 in Axes
   864 | D:3      | Found an ancient bone altar of Kikubaaqudgha.
   867 | D:3      | Noticed a human
   874 | D:3      | Killed a human
   890 | D:3      | Reached XP level 4. HP: 18/38 MP: 5/5
   897 | D:3      | HP: 1/57 [orc priest/divine providence (7)]
   901 | D:3      | Reached skill level 6 in Axes
  1006 | D:3      | Found a blossoming altar of Fedhas.
  1020 | D:3      | Found a broken altar of Ashenzari.
  1023 | D:3      | Found a hazy altar of Hepliaklqana.
  1026 | D:3      | Found a sacrificial altar of Ru.
  1165 | D:3      | Reached XP level 5. HP: 42/45 MP: 6/6
  1419 | D:4      | Identified the +2 short sword of Kamigg {drain, Will++
                  | Dex+3}
  1592 | D:5      | Entered Level 5 of the Dungeon
  1592 | D:5      | Noticed an ogre
  1598 | D:5      | Reached skill level 7 in Axes
  1600 | D:5      | Killed an ogre
  1600 | D:5      | Reached ** piety under Trog
  1601 | D:5      | Reached skill level 8 in Axes
  1601 | D:5      | Reached XP level 6. HP: 36/51 MP: 7/7
  1709 | D:5      | Reached XP level 7. HP: 36/58 MP: 8/8
  1999 | D:5      | Found a sparkling altar of Nemelex Xobeh.
  2071 | D:5      | Noticed a water moccasin
  2094 | D:5      | Killed a water moccasin
  2116 | D:5      | Reached skill level 9 in Axes
  2117 | D:5      | Reached skill level 5 in Fighting
  2120 | D:5      | Reached XP level 8. HP: 39/68 MP: 9/9
  2200 | D:5      | Found a white marble altar of Elyvilon.
  2281 | D:6      | Noticed Blork the orc
  2294 | D:6      | Killed Blork the orc
  2522 | D:6      | Reached skill level 10 in Axes
  2602 | D:6      | Gained mutation: You passively map the area around you.
                  | [Meteoran growth]
  2602 | D:6      | Reached XP level 9. HP: 76/78 MP: 10/10
  2703 | D:6      | Noticed Edmund
  2710 | D:6      | Killed Edmund
  2797 | D:7      | Reached skill level 11 in Axes
  2813 | D:7      | Found an opulent altar of Gozag.
  3043 | D:7      | Found a staircase to the Ecumenical Temple.
  3104 | D:7      | Found a runed translucent gate.
  3301 | D:8      | Noticed a hornet
  3308 | D:8      | Killed a hornet
  3309 | D:8      | Reached skill level 1 in Evocations
  3353 | D:8      | Reached *** piety under Trog
  3354 | D:8      | Reached skill level 12 in Axes
  3354 | D:8      | Reached XP level 10. HP: 48/87 MP: 11/11
  3373 | D:8      | Found a flagged portal.
  3401 | Bailey   | Entered a bailey
  3687 | Bailey   | Acquired a +2 vampiric executioner's axe
  3942 | D:8      | Noticed Maurice
  3947 | D:8      | Killed Maurice
  4110 | D:9      | Found a snail-covered altar of Cheibriados.
  4118 | D:10     | Entered Level 10 of the Dungeon
  4133 | D:10     | Reached skill level 10 in Fighting
  4134 | D:10     | Reached skill level 13 in Axes
  4179 | D:10     | Reached **** piety under Trog
  4201 | D:10     | Found a shimmering blue altar of Sif Muna.
  4248 | D:10     | Noticed a kobold demonologist
  4257 | D:10     | Noticed a smoke demon
  4261 | D:10     | Noticed an ice devil
  4261 | D:10     | Killed a kobold demonologist
  4281 | D:9      | Noticed a two-headed ogre
  4291 | D:9      | Killed a two-headed ogre
  4292 | D:9      | Reached XP level 11. HP: 59/101 MP: 12/12
  4425 | D:9      | Reached skill level 5 in Evocations
  4430 | D:9      | Reached skill level 14 in Axes
  4560 | D:10     | Found a staircase to the Orcish Mines.
  4596 | D:10     | Found a staircase to the Lair.
  4767 | D:10     | Found a basalt altar of Yredelemnul.
  5080 | D:11     | Gained mutation: You have hidden genetic potential. [potion
                  | of mutation]
  5229 | D:11     | Noticed a cyclops
  5239 | D:11     | Killed a cyclops
  5287 | D:11     | Noticed a six-headed hydra
  5306 | D:11     | Killed a six-headed hydra
  5307 | D:11     | Reached skill level 15 in Axes
  5352 | D:11     | Noticed a boulder beetle
  5374 | D:11     | Killed a boulder beetle
  5375 | D:11     | Reached XP level 12. HP: 54/112 MP: 13/13
  5525 | D:12     | Found Sesch's Fire Supplies.
  5540 | D:12     | Bought a ring of protection from fire for 275 gold pieces
  5764 | D:12     | Noticed a deep elf zephyrmancer
  5764 | D:12     | Noticed a centaur warrior
  5764 | D:12     | Noticed a death knight
  5767 | D:12     | Shot with an arrow by a centaur warrior

Illustrated notes

Levels and vault maps discovered:
D:1:      minmay_arrival_stone_box, layout_basic, serial_shops, shop
D:2:      layout_basic, serial_bayou_lagoon_b
D:3:      layout_loops_ring, tgw_kikubaaqudgha,
          grunt_temple_overflow_cloverleaf, dk_noncrumbling_2
D:4:      kennysheep_big_flooded_room, layout_loops_ring
D:5:      layout_layer_cave, nemelex_diamond_rough_becter,
          general_overflow_altar, hangedman_abyss_or_decor_stabs,
          chequers_serial_rivers_room_b
D:6:      layout_gridville, uniq_blork_the_orc, uniq_edmund
D:7:      layout_basic, nicolae_gozag_cash_rules_everything_around_me,
          minmay_temple_entry_waves, ebering_ghost_rock_garden
D:8:      layout_loops_ring, enter_bailey_3, uniq_maurice
D:9:      layout_roguey, nicolae_overflow_hidden_temple,
          chequers_serial_rivers_small_a
D:10:     layout_stronghold, yredelemnul_altar_generic,
          mainiacjoe_overflow_catwalk, lair_entry_dummy, orc_0_dummy
D:11:     layout_roguey, minmay_misc_feat_room, kennysheep_small_square
D:12:     layout_irregular_city, nicolae_shop_fire_sale
          [nicolae_sub_dead_trees], minivault_28, uniq_nergalle

Skill      XL: |  1  2  3  4  5  6  7  8  9 10 11 |
---------------+----------------------------------+-----
Axes           | 4 5 6 8 9 10 12 13 15 | 15.3
Fighting       | 5 6 9 10 11 | 11.8
Evocations     | 1 4 7 |  7.2
Armour         | 4 |  4.4
Dodging        | |  2.4

Action                     |  1- 3 |  4- 6 |  7- 9 | 10-12 || total
---------------------------+-------+-------+-------+-------++-------
  Melee: Hand axe          |   111 |    63 |       |       ||   174
         Punch             |     1 |     2 |     1 |       ||     4
         War axe           |       |    41 |    86 |       ||   127
         Battleaxe         |       |       |    92 |    64 ||   156
         Executioner's axe |       |       |       |   160 ||   160
         Flail             |       |       |       |     4 ||     4
 Invoke: Berserk           |       |     2 |     2 |       ||     4
  Evoke: Wand              |       |       |     1 |     2 ||     3
    Use: Scroll            |       |     5 |     6 |    10 ||    21
         Potion            |       |       |     3 |     7 ||    10
   Stab: Paralysed         |       |       |     1 |       ||     1
 Armour: Animal skin       |     2 |       |       |       ||     2
         Plate armour      |    76 |    71 |   143 |   147 ||   437
  Dodge: Dodged            |    30 |    30 |    63 |    85 ||   208
  Block: Other             |       |       |       |    33 ||    33
         Reflection        |       |       |       |     3 ||     3

Table legend: (Time is in decaauts)
 A = Elapsed time spent in this place.
 B = Non-inter-level travel time spent in this place.
 C = Inter-level travel time spent in this place.
 D = Time resting spent in this place.
 E = Time spent auto-exploring this place.
 F = Levels seen in this place.
 G = Mean time per level.
                   A        B        C        D        E       F      G
               +--------+--------+--------+--------+--------+-----+--------+
         Total |   5908 |   2589 |   3319 |     67 |     35 |  13 |  454.5 |
       Dungeon |   5553 |   2234 |   3319 |     42 |     35 |  12 |  462.8 |
        Bailey |    354 |    354 |      0 |     25 |      0 |   1 |  354.0 |
               +--------+--------+--------+--------+--------+-----+--------+

Top non-repeatable levels by time:
    D:10: 684 daAuts
     D:5: 594 daAuts
     D:6: 560 daAuts
     D:7: 493 daAuts
     D:4: 485 daAuts
     D:8: 482 daAuts
     D:3: 460 daAuts
    D:11: 436 daAuts
     D:2: 425 daAuts
  Bailey: 354 daAuts
     D:9: 323 daAuts
     D:1: 317 daAuts
    D:12: 289 daAuts
